 Dungeon Sprint DCSS version 0.19.1 (webtiles) character file.

426 dvd the Protected (level 6, -3/45 HPs)
             Began as a Gargoyle Fighter on Dec 22, 2016.
             Was an Initiate of Trog.
             Slain by Sonja
             ... wielding a +2 dagger of venom
              (4 damage)
             ... in the Dungeon (Sprint I: "Red Sonja").
             The game lasted 00:04:22 (825 turns).

dvd the Protected (Gargoyle Fighter)                 Turns: 825, Time: 00:04:23

Health: -3/45      AC: 12    Str: 20    XL:     6   Next: 97%
Magic:  6/6        EV:  8    Int:  8    God:    Trog [......]
Gold:   297        SH: 11    Dex: 11    Spells: 0 memorised, 5 levels left

rFire  . . .     SeeInvis .     a - +0 war axe
rCold  . . .     Gourm    .     b - +0 scale mail
rNeg   + . .     Faith    .     c - +0 shield
rPois  ∞         Spirit   .     (no helmet)
rElec  +         Reflect  .     (no cloak)
rCorr  .         Harm     .     (no gloves)
MR     .....     NoTele   +     (no boots)
Stlth  ..........               (no amulet)
                                (no ring)
                                (no ring)

@: very slightly contaminated
A: negative energy resistance 1, electricity resistance, unbreathing,
petrification resistance, rot immunity, AC +4
a: Burn Spellbooks, Renounce Religion


You were in the Dungeon.
You worshipped Trog.
Trog was noncommittal.
You were not hungry.

You visited 1 branch You collected 297 gold pieces.

Inventory:

Hand Weapons
 a - a +0 war axe (weapon)
Armour
 b - a +0 scale mail (worn)
 c - a +0 shield (worn)
Scrolls
 k - a scroll of blinking
 m - a scroll of magic mapping {unknown}
Potions
 e - a potion of curing
 i - 2 potions of magic
Comestibles
 f - a bread ration


   Skills:
 + Level 8.9 Fighting
 + Level 6.3 Axes
 + Level 9.0 Armour
 + Level 0.8 Dodging
 + Level 8.1 Shields


You had 5 spell levels left.
You didn't know any spells.

Dungeon Overview and Level Annotations

Branches:
Dungeon (1/1)

Altars:
Cheibriados
Dithmenos
Elyvilon
Fedhas
Gozag
Hepliaklqana
Kikubaaqudgha
Nemelex Xobeh
Okawaru
Qazlal
Ru
Sif Muna
Trog
Uskayaw
Vehumet
Yredelemnul
Zin
The Shining One

Shops:
D !

Annotations:
D Sonja


Innate Abilities, Weirdness & Mutations

You are resistant to torment.
Your stone body is resilient. (AC +4)
You are immune to poison.
You resist negative energy. (rN+)
You are resistant to electric shocks. (rElec)
You can survive without breathing.
You are immune to petrification.
You are immune to rotting.


Message History

* * * LOW HITPOINT WARNING * * *
Sonja barely misses you. You block Sonja's attack.
Sonja hits you but does no damage.
You completely miss Sonja.
Sonja is heavily wounded.
Sonja mumbles some strange words.
Sonja blinks!
You hit Sonja.
Sonja is severely wounded.
Sonja barely misses you. Sonja hits you but does no damage. x2
You block Sonja's attack. Sonja hits you but does no damage.
You block Sonja's attack.
You completely miss Sonja.
Sonja is severely wounded.
You block Sonja's attack. Sonja hits you but does no damage.
You block Sonja's attack.
Sonja hits you with an uncursed dagger of venom.
* * * LOW HITPOINT WARNING * * *
Sonja hits you with an uncursed dagger of venom.
You die...

################
#<.#..)..#..'..#
#..').#..').#..+
#..#####'#####'#
#..####..#(..#.#
#..#__####.(##(#
#..#__K__##'#.(+
#⌠⌠#_.@...'..._#
####_..__##_(#'#
#_____###'#)#
####### #.###
$.$ #$.$# ##.##
#+#


You could see Sonja.

Vanquished Creatures
  Sigmund (D)
  A yak (D)
  An ogre (D)
  A jelly (D)
  Ijyb (D)
5 creatures vanquished.

Notes
Turn   | Place    | Note
-------+----------+-------------------------------------------
     0 | D        | dvd the Gargoyle Fighter began the quest for the Orb.
     0 | D        | Reached XP level 1. HP: 14/14 MP: 1/1
     2 | D        | Noticed Ijyb
     9 | D        | Killed Ijyb
     9 | D        | Reached skill level 4 in Armour
     9 | D        | Reached XP level 2. HP: 20/20 MP: 2/2
     9 | D        | Reached XP level 3. HP: 24/24 MP: 3/3
    15 | D        | Noticed an ogre
    19 | D        | Killed an ogre
    19 | D        | Reached skill level 6 in Armour
    19 | D        | Reached XP level 4. HP: 3/32 MP: 4/4
   412 | D        | Noticed Sigmund
   419 | D        | Killed Sigmund
   419 | D        | Reached skill level 5 in Axes
   419 | D        | Reached skill level 8 in Armour
   419 | D        | Reached XP level 5. HP: 23/39 MP: 5/5
   419 | D        | Reached XP level 6. HP: 25/44 MP: 6/6
   559 | D        | Found a deep blue altar of Sif Muna.
   561 | D        | Found a radiant altar of Vehumet.
   585 | D        | Found Zoiza's Distillery.
   585 | D        | Found an ancient bone altar of Kikubaaqudgha.
   585 | D        | Found a hazy altar of Hepliaklqana.
   585 | D        | Found a hide-covered altar of Uskayaw.
   585 | D        | Found a basalt altar of Yredelemnul.
   585 | D        | Found an opulent altar of Gozag.
   585 | D        | Found a snail-covered altar of Cheibriados.
   585 | D        | Found a sacrificial altar of Ru.
   585 | D        | Found a shadowy altar of Dithmenos.
   585 | D        | Noticed a yak
   596 | D        | Killed a yak
   596 | D        | Reached skill level 9 in Armour
   597 | D        | Found a stormy altar of Qazlal.
   597 | D        | Found a blossoming altar of Fedhas.
   597 | D        | Found a bloodstained altar of Trog.
   597 | D        | Found an iron altar of Okawaru.
   597 | D        | Found a glowing golden altar of the Shining One.
   597 | D        | Found a glowing silver altar of Zin.
   597 | D        | Found a white marble altar of Elyvilon.
   600 | D        | Found a sparkling altar of Nemelex Xobeh.
   607 | D        | Became a worshipper of Trog the Wrathful
   614 | D        | Noticed Sonja
   825 | D        | HP: 1/45 [Sonja/uncursed dagger of venom (5)]
   825 | D        | Slain by Sonja

Skill      XL: |  1  2  3  4  5  6 |
---------------+-------------------+-----
Fighting       | 4 6 7 8 |  8.9
Axes           | 2 3 5 6 |  6.3
Armour         | 4 6 8 9 |  9.0
Shields        | 4 6 7 8 |  8.1
Dodging        | |  0.8

Action                   |  1- 3 |  4- 6 || total
-------------------------+-------+-------++-------
Melee: War axe           |    11 |   116 ||   127
  Use: Potion            |       |     4 ||     4
Armor: Scale mail        |     4 |   159 ||   163
Dodge: Dodged            |     1 |    74 ||    75
Block: Shield            |     4 |   111 ||   115
